 Dungeon Crawl Stone Soup version 0.18-a0-1159-gf481d65 (webtiles) character file.

1671 RedPan the Destroyer (level 8, -3/57 HPs)
             Began as a Mottled Draconian Conjurer on Jan 24, 2016.
             Was an Initiate of Vehumet.
             Slain by a crimson imp
             ... wielding a +0 war axe
              (10 damage)
             ... on level 6 of the Dungeon.
             The game lasted 00:22:46 (7342 turns).

RedPan the Destroyer (Mottled Draconian Conjurer)   Turns: 7342, Time: 00:22:46

Health: -3/57      AC:  8    Str: 11    XL:     8   Next: 70%
Magic:  2/17       EV: 12    Int: 18    God:    Vehumet [......]
Gold:   302        SH:  0    Dex: 11    Spells: 2 memorised, 14 levels left

rFire  . . .     SeeInvis .     k - +1 short sword (elec)
rCold  . . .     Gourm    .     (armour unavailable)
rNeg   . . .     Faith    .     (no shield)
rPois  .         Spirit   .     (helmet restricted)
rElec  .         Dismiss  .     (no cloak)
rCorr  .         Reflect  .     m - +0 pair of gloves
SustAt +         Harm     .     o - +0 pair of boots (curse)
MR     +....                    (no amulet)
Stlth  ++........               v - ring of sustain attributes
                                l - ring of protection from magic

@: somewhat resistant to hostile enchantments, unstealthy
A: breathe sticky flame splash, unfitting armour, cold-blooded, AC +6
a: Breathe Sticky Flame, Renounce Religion


You were on level 6 of the Dungeon.
You worshipped Vehumet.
Vehumet was noncommittal.
You were hungry.

You visited 2 branches of the dungeon, and saw 7 of its levels.

You collected 302 gold pieces.

Inventory:

Hand Weapons
 i - a +0 dagger of draining
 k - a +1 short sword of electrocution (weapon)
 t - a +0 war axe of venom
Missiles
 p - 2 throwing nets (quivered)
Armour
 m - a +0 pair of gloves (worn)
 o - a cursed +0 pair of boots (worn)
Jewellery
 l - a ring of protection from magic (left hand)
 v - a ring of sustain attributes (right hand)
Wands
 u - a wand of fireball (10/15)
 x - a wand of draining (5/15)
 A - a wand of lightning (6/15)
Scrolls
 d - 2 scrolls of remove curse
 e - 5 scrolls of identify
 h - a scroll of random uselessness {unknown}
 j - 4 scrolls of teleportation
 q - a scroll of enchant weapon
 w - 2 scrolls of fog {unknown}
 y - a scroll of recharging
 z - a scroll of blinking {unknown}
Potions
 c - a potion of curing
 f - a potion of heal wounds {unknown}
 n - a potion of flight
 r - a potion of haste
 s - a potion of agility {unknown}
Books
 a - a book of Conjurations

   Spells                             Type                      Level
   a - Magic Dart                     Conjuration                  1
   b - Searing Ray                    Conjuration                  2
   c - Dazzling Spray                 Conjuration/Hexes            3
   d - Fulminant Prism                Conjuration/Hexes            4
   e - Iskenderun's Mystic Blast      Conjuration                  4
   f - Iskenderun's Battlesphere      Conjuration/Charms           5
Comestibles
 b - 4 bread rations
 g - 2 royal jellies


   Skills:
 - Level 1.7 Dodging
 - Level 1.7 Stealth
 + Level 6.1 Spellcasting
 * Level 10.0 Conjurations


You had 14 spell levels left.
You knew the following spells:

 Your Spells              Type           Power        Failure   Level  Hunger
a - Magic Dart            Conj           ####         1%          1    None
b - Iskenderun's Mystic   Conj           #####...     1%          4    ####...


Dungeon Overview and Level Annotations

Branches:
Dungeon (6/15)             Temple (1/1) D:4

Altars:
Ashenzari
Cheibriados
Elyvilon
Fedhas
Gozag
Kikubaaqudgha
Makhleb
Okawaru
Qazlal
Ru
Vehumet
Xom
Yredelemnul
Zin


Innate Abilities, Weirdness & Mutations

You can spit globs of burning liquid.
You can ignite nearby creatures when you spit burning liquid.
Your weird mottled scales are hard (AC +6).
Your body does not fit into most forms of armour.
You are cold-blooded and may be slowed by cold attacks.


Message History

Aiming: Iskenderun's Mystic Blast
Press: ? - help, Shift-Dir - straight line, f - hound
Aim: a hound The orb of energy hits the hound.
You kill the hound!
Vehumet accepts your kill.
Your Conjurations skill increases to level 10!
A crimson imp is nearby!
The crimson imp blinks!
The crimson imp hits you with a war axe.
* * * LOW HITPOINT WARNING * * *
Casting: Iskenderun's Mystic Blast
Confirm with . or Enter, or press ? or * to list all spells.
Aiming: Magic Dart
Press: ? - help, Shift-Dir - straight line, f - crimson imp
Aim: a crimson imp, wielding a war axe The magic dart hits the crimson imp.
The crimson imp is moderately wounded.
The crimson imp hits you with a war axe!
You die...

###.# #..# .. .##.# #..# ##.
.##.# ##..# ##.. .##.# ##...##
#.. .##.# #.....## #.#
.##.###..#...###)#
...........#...#.#######
...........###..........
...............5@...............#
...........###..................#
..#.###..#..###.#...............#
......#..........................
#..##.#......###.................
#........#.... ####..#.#.......#
#..#..#.. ............# .........
#####...<.... ......#.#
.............


You could see a crimson imp.

Vanquished Creatures
  An orc warrior (D:6)
  2 sky beasts (D:5)
  The ghost of FIQ the Chopper, an amateur HOFi (D:4)
  A black bear (D:5)
  2 ogres
  A wyvern zombie (D:6)
  A water moccasin skeleton (D:4)
  A scorpion (D:4)
  6 killer bees (D:5)
  2 crimson imps
  3 hounds
  5 orc priests
  A giant frog skeleton (D:5)
  4 orc wizards
  A worker ant (D:3)
  3 adders (D:3)
  A shadow imp (D:5)
  3 oozes
  3 giant geckos
  17 orcs
  7 bats
  6 giant cockroaches
  16 hobgoblins
  9 jackals
  A quokka (D:5)
  A ball python (D:2)
  4 giant newts (D:3)
  12 goblins
  A jackal skeleton (D:4)
  8 kobolds
  A quokka skeleton (D:4)
  9 rats
134 creatures vanquished.

Notes
Turn   | Place    | Note
--------------------------------------------------------------
     0 | D:1      | RedPan the Draconian Conjurer began the quest for the Orb.
     0 | D:1      | Reached XP level 1. HP: 14/14 MP: 3/3
   122 | D:1      | Reached XP level 2. HP: 11/20 MP: 0/5
   744 | D:1      | Reached XP level 3. HP: 26/26 MP: 2/6
  1256 | D:2      | Reached skill level 5 in Conjurations
  1639 | D:2      | Found an opulent altar of Gozag.
  1639 | D:2      | Found a glowing silver altar of Zin.
  2044 | D:3      | Found a snail-covered altar of Cheibriados.
  2058 | D:3      | Reached XP level 4. HP: 24/33 MP: 6/8
  2347 | D:3      | Reached XP level 5. HP: 31/38 MP: 1/9
  2631 | D:3      | Reached skill level 6 in Conjurations
  2643 | D:3      | Learned a level 4 spell: Iskenderun's Mystic Blast
  2920 | D:3      | Reached XP level 6. HP: 45/45 MP: 11/11
  2928 | D:3      | Found a faded altar to an unknown god.
  3242 | D:3      | Found a burning altar of Makhleb.
  3717 | D:4      | Noticed FIQ's ghost (amateur HOFi)
  3740 | D:4      | Killed FIQ's ghost
  3740 | D:4      | Reached skill level 7 in Conjurations
  4134 | D:4      | Reached XP level 7. HP: 43/50 MP: 13/13
  4134 | D:4      | Your scales start taking on a weird mottled colour.
  4579 | D:4      | Found a staircase to the Ecumenical Temple.
  4586 | Temple   | Entered the Ecumenical Temple
  4630 | Temple   | Became a worshipper of Vehumet
  4953 | D:5      | Entered Level 5 of the Dungeon
  5161 | D:5      | Reached skill level 8 in Conjurations
  5380 | D:5      | Reached skill level 5 in Spellcasting
  5483 | D:5      | Reached XP level 8. HP: 28/57 MP: 1/15
  6104 | D:5      | Reached skill level 9 in Conjurations
  7339 | D:6      | Reached skill level 10 in Conjurations
  7342 | D:6      | Slain by a crimson imp

Vault maps used:
D:1:      dpeg_arrival_tiny_a, minmay_unequal
D:2:      grunt_temple_overflow_gold_and_silver, kennysheep_cluttered_room,
          amethyst_killhole
D:3:      makhleb_heckhound_becter, lemuel_doored_altar, ecumenical_altar_1
D:4:      corexii_shack_village, temple_green
D:5:      first_bread, eino_tiny_chamber, glass_columns_b
D:6:      serial_shops, shop
Temple:   eino_wide_crystal_templ_10

Action                   |  1- 3 |  4- 6 |  7- 9 || total
-------------------------+-------+-------+-------++-------
Melee: Short sword       |    77 |    99 |    70 ||   246
       Unarmed           |     9 |       |       ||     9
       Dagger            |     6 |       |       ||     6
       War axe           |       |     4 |       ||     4
 Cast: Magic Dart        |    72 |    69 |   110 ||   251
       Iskenderun's Myst |       |     1 |     9 ||    10
 Abil: Breathe Sticky Fl |       |       |     8 ||     8
  Use: Scroll            |     1 |     4 |     1 ||     6
       Potion            |       |     4 |     1 ||     5
 Stab: Sleeping          |       |     1 |     3 ||     4
  Eat: Chunk             |     5 |     5 |     8 ||    18
       Beef jerky        |       |     1 |     1 ||     2
       Fruit             |       |       |     3 ||     3
